 Dungeon Crawl Stone Soup version 0.25-a0-294-gea9b1ad378 (webtiles) character file.

Game seed: 5616668920560257360, levelgen mode: deterministic

264 MoonlitKnight the Sneak (level 5, 0/41 HPs)
             Began as a Vampire Assassin on Dec 16, 2019.
             Slain by a gnoll
             ... wielding a +0 spear
              (2 damage)
             ... on level 3 of the Dungeon.
             The game lasted 00:04:43 (1983 turns).

MoonlitKnight the Sneak (Vampire Assassin)          Turns: 1983, Time: 00:04:44

Health: 0/41       AC:  7    Str: 10    XL:     5   Next: 98%
Magic:  5/5        EV: 11    Int: 13    God:
Gold:   232        SH:  0    Dex: 17    Spells: 4/4 levels left

rFire    . . .     SeeInvis +   a - +2 dagger
rCold    . . .     Gourm    .   (no shield)
rNeg     . . .     Faith    .   j - +0 ring mail
rPois    .         Spirit   .   l - +0 helmet
rElec    .         Reflect  .   y - scarf {repulsion}
rCorr    .         Harm     .   (no gloves)
MR       .....                  w - +0 pair of boots
Stlth    +++.......             (no amulet)
HPRegen  0.33/turn              (no ring)
MPRegen  0.09/turn              (no ring)

@: regenerating quickly, repel missiles
A: no food, fangs 3, see invisible, unbreathing
a: Exsanguinate


You were on level 3 of the Dungeon.
You were alive.

You visited 1 branch of the dungeon, and saw 3 of its levels.

You collected 232 gold pieces.

Inventory:

Hand Weapons
 a - a +2 dagger (weapon)
 b - a +0 hunting sling
Missiles
 d - 28 poisoned darts (quivered)
 e - 2 curare-tipped darts
 t - 43 sling bullets
Armour
 c - a +0 cloak
 j - a +0 ring mail (worn)
 l - a +0 helmet (worn)
 w - a +0 pair of boots (worn)
 y - a scarf of repulsion (worn)
Jewellery
 v - an uncursed amulet of faith {unknown}
Scrolls
 g - 3 scrolls of enchant armour {unknown}
 h - 2 scrolls of remove curse {unknown}
 k - 4 scrolls of amnesia {unknown}
 n - 2 scrolls of fear {unknown}
 o - a scroll of enchant weapon {unknown}
 q - 3 scrolls of identify {unknown}
 u - a scroll of teleportation {unknown}
Potions
 f - 2 potions of curing {unknown}
 i - a potion of cancellation {unknown}
 m - a potion of brilliance {unknown}
 p - a potion of might {unknown}
 r - a potion of invisibility {unknown}
 s - a potion of ambrosia {unknown}
 x - a potion of heal wounds {unknown}


   Skills:
 + Level 3.0 Fighting
 * Level 4.6 Short Blades
 - Level 1.5 Throwing
 + Level 3.0 Dodging
 + Level 7.2 Stealth


You had 4 spell levels left.
You didn't know any spells.
Your spell library was empty.

Dungeon Overview and Level Annotations

Branches:
Dungeon (3/15)

Altars:


Innate Abilities, Weirdness & Mutations

You do not eat.
Your natural rate of healing is unusually fast.
You have razor-sharp teeth.
You have supernaturally acute eyesight. (SInv)
You can survive without breathing.


Message History

The jackal bites you but does no damage.
The gnoll hits you but does no damage.
You hit the jackal.
You kill the jackal!
The gnoll hits you with a +0 flail!
* * * LOW HITPOINT WARNING * * *
You hit the jackal.
The jackal is moderately wounded.
The gnoll hits you with a +0 spear.
* * * LOW HITPOINT WARNING * * *
The gnoll hits you but does no damage. The jackal barely misses you.
You hit the jackal.
The jackal is severely wounded.
The gnoll barely misses you. The jackal closely misses you.
You closely miss the jackal.
The jackal is severely wounded.
The gnoll hits you with a +0 flail.
* * * LOW HITPOINT WARNING * * *
The jackal completely misses you. The gnoll hits you with a +0 spear.
You die...

#....#.###..##..........#
#..#......................
#.##..#)###...#...........
...##....#................#
..#
#..(.##.........#>.....# ##
##..#.....##.....รท.###...
.........###.....### #..#
........#h# #.....# ##.#
..........#@# #...... #.#
.........ggg# #...... #.#
..........h## #... #.#
......... .... #.#
#.##...... #.# . #..#.....
# ........... #
....##....... # #...
.......## #


You could see 2 gnolls, 2 jackals and a hobgoblin.

Vanquished Creatures
  Jessica (D:2)
  Natasha (thrice) (D:2)
  A gnoll (D:3)
  7 adders
  3 oozes
  3 worms (D:2)
  A leopard gecko (D:3)
  3 orcs (D:3)
  A ball python (D:2)
  2 giant cockroaches (D:2)
  7 goblins
  10 hobgoblins
  3 jackals (D:3)
  2 quokkas (D:3)
  4 bats
  4 frilled lizards
  8 kobolds
  11 rats
74 creatures vanquished.

Notes
Turn   | Place    | Note
-------+----------+-------------------------------------------
     0 | D:1      | MoonlitKnight the Vampire Assassin began the quest for the
                  | Orb.
     0 | D:1      | Reached XP level 1. HP: 16/16 MP: 1/1
   134 | D:1      | Reached skill level 6 in Stealth
   159 | D:1      | Reached XP level 2. HP: 22/22 MP: 2/2
   793 | D:2      | Noticed Natasha
   796 | D:2      | Killed Natasha
   796 | D:2      | Reached XP level 3. HP: 27/27 MP: 3/3
   886 | D:2      | Noticed Jessica
   902 | D:2      | Killed Jessica
   902 | D:2      | Reached XP level 4. HP: 31/34 MP: 4/4
  1188 | D:2      | Noticed Natasha
  1201 | D:2      | Killed Natasha
  1201 | D:2      | Reached XP level 5. HP: 33/39 MP: 5/5
  1524 | D:2      | Noticed Natasha
  1535 | D:2      | Killed Natasha
  1621 | D:3      | Reached skill level 7 in Stealth
  1981 | D:3      | HP: 2/41 [gnoll/+0 spear (2)]
  1983 | D:3      | Slain by a gnoll

Levels and vault maps discovered:
D:1:      dpeg_arrival_triangle_fractal, layout_loops_ring,
          minmay_misc_feat_cross
D:2:      minmay_door_path, layout_basic, uniq_natasha, uniq_jessica
D:3:      layout_rooms, serial_curves, eino_curves_02, eino_curves_02,
          eino_curves_04

Skill      XL: |  1  2  3  4  5 |
---------------+----------------+-----
Stealth        | 6 7 |  7.2
Fighting       | 2 3 |  3.0
Short Blades   | 3 4 |  4.6
Dodging        | 2 3 |  3.0
Throwing       | |  1.5

Action                   |  1- 3 |  4- 6 || total
-------------------------+-------+-------++-------
Melee: Dagger            |    58 |   185 ||   243
       Bite              |     7 |    28 ||    35
 Fire: Hunting sling     |     1 |     9 ||    10
 Stab: Sleeping          |    11 |     9 ||    20
       Distracted        |       |     1 ||     1
Armor: Robe              |     4 |       ||     4
       Ring mail         |    18 |    48 ||    66
Dodge: Dodged            |    20 |    75 ||    95

Table legend:
 A = Non-vault XP
 B = Vault XP
 C = Vault XP percentage of total XP
 D = Non-vault monster count
 E = Vault monster count
 F = Vault count percentage of total count
                 A         B        C        D         E       F
            +---------+---------+-------+---------+---------+-------
      Total |     303 |      75 |  19.8 |      70 |       4 |   5.4
            +---------+---------+-------+---------+---------+-------
        D:1 |      22 |       0 |   0.0 |      12 |       0 |   0.0
        D:2 |     189 |      75 |  28.4 |      30 |       4 |  11.8
        D:3 |      92 |       0 |   0.0 |      28 |       0 |   0.0
            +---------+---------+-------+---------+---------+-------
